Workbook

Sheet ESTUDIO DE MERCADO EPP
A1: ESTUDIO DE MERCADO Y ANÁLISIS ESTADÍSTICO
A2: OBJETO: | B2: 13209-ADQUISICIÓN DE ELEMENTOS DE PROTECCIÓN PERSONAL; DESTINADOS A LOS GESTORES DEL ORDEN DE LA SECRETARÍA DISTRITAL DE SEGURIDAD; CONVIVENCIA Y JUSTICIA
A3: CARACTERISTICAS DE LA COMPRA | F3: SIN FUENTE HISTORICA 1 (De la Entidad) | J3: SIN FUENTE HISTORICA 2 (De la Entidad) | N3: SIN FUENTE HISTORICA 1 (De Otras Entidades) | R3: SIN FUENTE HISTORICA 2 (De Otras Entidades) | V3: COTIZACION 1 ATLANTIC TACTICAL GROUP SAS | Z3: COTZACION 2 GLOBAL BUSINESS SOLUTIONS | AD3: COTIZACION 3 INVERSIONES MPX SAS | AP3: PLATAFORMA COMERCIALES - INTERNET | AT3: PLATAFORMA COMERCIAL EN INTERNET 2 _ NOMBRE | AX3: PLATAFORMA COMERCIAL EN INTERNET 3 _ NOMBRE | BF3: VALORES ESTUDIO DE MERCADO (Valores Incluidos Iva) | BL3: MEDIA ARITMÉTICA | BS3: MEDIA GEOMETRICA | CA3: MEDIA ARMONICA
A4: ÍTEM | B4: PRODUCTO | C4: DESCRIPCIÓN | D4: UNIDAD | E4: CANTIDAD | F4: HISTÓRICO 1 VALOR ANTES IVA | G4: HISTÓRICO 1 IVA | H4: HISTÓRICO 1 VALOR IVA INCLUIDO | I4: HISTÓRICO 1 INDEXADO 2026 | J4: HISTÓRICO 2 VALOR ANTES IVA | K4: HISTÓRICO 2 IVA | L4: HISTÓRICO 2 VALOR IVA INCLUIDO | M4: HISTÓRICO 2 INDEXADO 2026 | N4: HISTÓRICO 1 VALOR ANTES IVA | O4: HISTÓRICO 1 IVA | P4: HISTÓRICO 1 VALOR IVA INCLUIDO | Q4: HISTÓRICO 1 INDEXADO 2026 | R4: HISTÓRICO 2 VALOR ANTES IVA | S4: HISTÓRICO 2 IVA | T4: HISTÓRICO 2 VALOR IVA INCLUIDO | U4: HISTÓRICO 2 INDEXADO 2026 | V4: COTIZACIÓN 1 VALOR ANTES IVA | W4: COTIZACIÓN 1 IVA OFERTADO | X4: VERIFICACIÓN ARITMÉTICA IVA | Y4: COTIZACIÓN 1 VALOR IVA INCLUIDO | Z4: COTIZACIÓN 2 VALOR ANTES IVA | AA4: COTIZACIÓN 2 IVA OFERTADO | AB4: VERIFICACIÓN ARITMÉTICA IVA | AC4: COTIZACIÓN 2 VALOR IVA INCLUIDO | AD4: COTIZACIÓN 3 VALOR ANTES IVA | AE4: COTIZACIÓN 3 IVA OFERTADO | AF4: VERIFICACIÓN ARITMÉTICA IVA | AG4: COTIZACIÓN 3 VALOR IVA INCLUIDO | AH4: COTIZACIÓN 4 VALOR ANTES IVA | AI4: COTIZACIÓN 4 IVA OFERTADO | AJ4: VERIFICACIÓN ARITMÉTICA IVA | AK4: COTIZACIÓN 4 VALOR IVA INCLUIDO | AL4: COTIZACIÓN 5 VALOR ANTES IVA | AM4: COTIZACIÓN 5 IVA OFERTADO | AN4: VERIFICACIÓN ARITMÉTICA IVA | AO4: COTIZACIÓN 5 VALOR IVA INCLUIDO | AP4: PLATAFORMA COMERCIAL EN INTERNET 1 VALOR ANTES IVA | AQ4: PLATAFORMA COMERCIAL EN INTERNET 1 IVA OFERTADO | AR4: VERIFICACIÓN ARITMÉTICA IVA | AS4: PLATAFORMA COMERCIAL EN INTERNET 1 VALOR IVA INCLUIDO | AT4: PLATAFORMA COMERCIAL EN INTERNET 2 VALOR ANTES IVA | AU4: PLATAFORMA COMERCIAL EN INTERNET 2 IVA OFERTADO | AV4: VERIFICACIÓN ARITMÉTICA IVA | AW4: PLATAFORMA COMERCIAL EN INTERNET 2 VALOR IVA INCLUIDO | AX4: PLATAFORMA COMERCIAL EN INTERNET 3 VALOR ANTES IVA | AY4: PLATAFORMA COMERCIAL EN INTERNET 3 IVA OFERTADO | AZ4: VERIFICACIÓN ARITMÉTICA IVA | BA4: PLATAFORMA COMERCIAL EN INTERNET 3 VALOR IVA INCLUIDO | BB4: =+F3 -> SIN FUENTE HISTORICA 1 (De la Entidad) | BC4: =+J3 -> SIN FUENTE HISTORICA 2 (De la Entidad) | BD4: =+N3 -> SIN FUENTE HISTORICA 1 (De Otras Entidades) | BE4: =+R3 -> SIN FUENTE HISTORICA 2 (De Otras Entidades) | BF4: =+V3 -> COTIZACION 1 ATLANTIC TACTICAL GROUP SAS | BG4: =+Z3 -> COTZACION 2 GLOBAL BUSINESS SOLUTIONS | BH4: =+AD3 -> COTIZACION 3 INVERSIONES MPX SAS | BI4: =+AP3 -> PLATAFORMA COMERCIALES - INTERNET | BJ4: =+AT3 -> PLATAFORMA COMERCIAL EN INTERNET 2 _ NOMBRE | BK4: =+AX3 -> PLATAFORMA COMERCIAL EN INTERNET 3 _ NOMBRE | BL4: MEDIA ARITMÉTICA | BM4: DESVIACIÓN ESTÁNDAR | BN4: COEFICIENTE DE VARIACIÓN | BO4: MARGEN DE CONFIABILIDAD | BP4: NIVEL DE CONFIABILIDAD | BQ4: LÍMITE SUPERIOR | BR4: LÍMITE INFERIOR | BS4: MEDIA GEOMETRICA | BT4: REDONDEO | BU4: DESVIACIÓN ESTÁNDAR SIN ATÍPICOS | BV4: COEFICIENTE DE VARIACIÓN SIN ATÍPICOS | BW4: MARGEN DE CONFIABILIDAD SIN ATÍPICOS | BX4: NIVEL DE CONFIABILIDAD SIN ATÍPICOS | BY4: PROMEDIO REDONDEADO | BZ4: MENOR VALOR | CA4: MEDIA ARMONICA | CB4: DESVIACIÓN ESTÁNDAR SIN ATÍPICOS | CC4: COEFICIENTE DE VARIACIÓN SIN ATÍPICOS | CD4: MARGEN DE CONFIABILIDAD SIN ATÍPICOS | CE4: NIVEL DE CONFIABILIDAD SIN ATÍPICOS | CF4: PROMEDIO REDONDEADO | CG4: VALOR UNITARIO DE REFERENCIA | CH4: VALOR TOTAL IVA INCLUIDO
A5: 1 | B5: Sistema de chaleco de protección antipunzante | C5: Chaleco de protección corporal anti-punzante (no balístico) | D5: Unidad | E5: 935 | F5: 0 | G5: 0 | H5: 0 | I5: 0 | J5: 0 | K5: 0 | L5: 0 | M5: 0 | N5: 0 | O5: 0 | P5: 0 | Q5: 0 | R5: 0 | S5: 0 | T5: 0 | U5: 0 | V5: 2896700 | W5: 550373 | X5: =+V5*0.19 -> 550373 | Y5: =+V5+X5 -> 3447073 | Z5: 2969000 | AA5: 564110 | AB5: =+Z5*0.19 -> 564110 | AC5: =+Z5+AB5 -> 3533110 | AD5: 2932500 | AE5: 557175 | AF5: =+AD5*0.19 -> 557175 | AG5: =+AD5+AF5 -> 3489675 | AP5: 0 | AQ5: 0 | AS5: 0 | AT5: 0 | AU5: 0 | AV5: 0 | AW5: 0 | AX5: 0 | AY5: 0 | AZ5: 0 | BA5: 0 | BC5: =+M5 -> 0 | BD5: =+Q5 -> 0 | BE5: =+U5 -> 0 | BF5: =+Y5 -> 3447073 | BG5: =+AC5 -> 3533110 | BH5: =+AG5 -> 3489675 | BJ5: =+AW5 -> 0 | BK5: =+BA5 -> 0 | BL5: =AVERAGE(BF5,BG5,BH5:BI5) -> 3489952.7 | BM5: =_xlfn.STDEV.P(BF5,BG5,BH5,BI5) -> 35125.007 | BN5: =(BM5/BL5)*100% -> 0.010064608 | BO5: =100%-BN5 -> 0.98993539 | BP5: =IF(BO5>70%,"ALTO","BAJO") -> ALTO | BQ5: =+BL5+BM5 -> 3525077.7 | BR5: =+BL5-BM5 -> 3454827.7 | BS5: =GEOMEAN(BF5,BG5,BH5,BI5) -> 3489775.9 | BT5: =ROUND(BS5,0) -> 3489776 | BU5: =_xlfn.STDEV.P(BF5,BG5,BH5,BI5) -> 35125.007 | BV5: =(BS5/BU5)*0.01 -> 0.99353031 | BW5: =100%-BV5 -> 0.0064696869 | BX5: =IF(BW5>70%,"ALTO","BAJO") -> BAJO | BY5: =ROUND(BS5,0) -> 3489776 | BZ5: =MIN(BF5,B65,BH5,BI5) -> 3447073 | CA5: =HARMEAN(BF5,BG5,BH5,BI5) -> 3489599.2 | CB5: =_xlfn.STDEV.P(BM5,BN5,BO5,BJ5) -> 15209.43 | CC5: =(CA5/CB5)*0.01 -> 2.2943655 | CD5: =100%-CC5 -> -1.2943655 | CE5: =IF(CD5>70%,"ALTO","BAJO") -> BAJO | CF5: =ROUND(CA5,0) -> 3489599 | CG5: =BT5 -> 3489776 | CH5: =+CG5*E5 -> 3262940560
A6: 2 | B6: Sistema de cinturón operativo con accesorios | C6: Sistema modular con porta linterna, radio, bastón, guantes Tacticos, gafas, linterna, silbato, carpa, etc. | D6: Kit | E6: 940 | F6: 0 | G6: 0 | H6: 0 | I6: 0 | J6: 0 | K6: 0 | L6: 0 | M6: 0 | N6: 0 | O6: 0 | P6: 0 | Q6: 0 | R6: 0 | S6: 0 | T6: 0 | U6: 0 | V6: 973200 | W6: 184908 | X6: =+V6*0.19 -> 184908 | Y6: =+V6+X6 -> 1158108 | Z6: 1210000 | AA6: 229900 | AB6: =+Z6*0.19 -> 229900 | AC6: =+Z6+AB6 -> 1439900 | AD6: 170000 | AE6: 32300 | AF6: =+AD6*0.19 -> 32300 | AG6: =+AD6+AF6 -> 202300 | AP6: =+'COTIZACION 7 MEDIOS DIGITALES'!F11 -> 862484 | AQ6: =+'COTIZACION 7 MEDIOS DIGITALES'!G11 -> 163871 | AR6: =+AP6*0.19 -> 163871.96 | AS6: =+AP6+AR6 -> 1026356 | AT6: 0 | AU6: 0 | AV6: 0 | AW6: 0 | AX6: 0 | AY6: 0 | AZ6: 0 | BA6: 0 | BC6: =+M6 -> 0 | BD6: =+Q6 -> 0 | BE6: =+U6 -> 0 | BF6: =+Y6 -> 1158108 | BG6: =+AC6 -> 1439900 | BI6: =+AS6 -> 1026356 | BJ6: =+AW6 -> 0 | BK6: =+BA6 -> 0 | BL6: =AVERAGE(BF6,BG6,BH6:BI6) -> 1208121.3 | BM6: =_xlfn.STDEV.P(BF6,BG6,BH6,BI6) -> 172492.84 | BN6: =(BM6/BL6)*100% -> 0.14277774 | BO6: =100%-BN6 -> 0.85722226 | BP6: =IF(BO6>70%,"ALTO","BAJO") -> ALTO | BQ6: =+BL6+BM6 -> 1380614.2 | BR6: =+BL6-BM6 -> 1035628.5 | BS6: =GEOMEAN(BF6,BG6,BH6,BI6) -> 1196170.6 | BT6: =ROUND(BS6,0) -> 1196171 | BU6: =_xlfn.STDEV.P(BF6,BG6,BI6) -> 172492.84 | BV6: =(BS6/BU6)*0.01 -> 0.069346105 | BW6: =100%-BV6 -> 0.93065389 | BX6: =IF(BW6>70%,"ALTO","BAJO") -> ALTO | BY6: =ROUND(BS6,0) -> 1196171 | BZ6: =MIN(BF6,B66,BH6) -> 1158108 | CA6: =HARMEAN(BF6,BG6,BH6,BI6) -> 1184698 | CB6: =_xlfn.STDEV.P(BM6,BN6,BO6,BJ6) -> 74691.444 | CC6: =(CA6/CB6)*0.01 -> 0.15861228 | CD6: =100%-CC6 -> 0.84138772 | CE6: =IF(CD6>70%,"ALTO","BAJO") -> ALTO | CF6: =ROUND(CA6,0) -> 1184698 | CG6: =BT6 -> 1196171 | CH6: =+CG6*E6 -> 1124400740
A7: 3 | B7: Botas de seguridad | C7: Bota tipo ingeniero | D7: Par | E7: 37 | F7: 0 | G7: 0 | H7: 0 | I7: 0 | J7: 0 | K7: 0 | L7: 0 | M7: 0 | N7: 0 | O7: 0 | P7: 0 | Q7: 0 | R7: 0 | S7: 0 | T7: 0 | U7: 0 | V7: 162000 | W7: 30780 | X7: =+V7*0.19 -> 30780 | Y7: =+V7+X7 -> 192780 | Z7: 390000 | AA7: 74100 | AB7: =+Z7*0.19 -> 74100 | AC7: =+Z7+AB7 -> 464100 | AD7: 372000 | AE7: 70680 | AF7: =+AD7*0.19 -> 70680 | AG7: =+AD7+AF7 -> 442680 | AP7: 0 | AQ7: 0 | AR7: 0 | AS7: 0 | AT7: 0 | AU7: 0 | AV7: 0 | AW7: 0 | AX7: 0 | AY7: 0 | AZ7: 0 | BA7: 0 | BB7: =+I7 -> 0 | BC7: =+M7 -> 0 | BD7: =+Q7 -> 0 | BE7: =+U7 -> 0 | BF7: =+Y7 -> 192780 | BG7: =+AC7 -> 464100 | BH7: =+AG7 -> 442680 | BJ7: =+AW7 -> 0 | BK7: =+BA7 -> 0 | BL7: =AVERAGE(BF7,BG7,BH7) -> 366520 | BM7: =_xlfn.STDEV.P(BF7,BG7,BH7,BI7) -> 123163.56 | BN7: =(BM7/BL7)*100% -> 0.33603504 | BO7: =100%-BN7 -> 0.66396496 | BP7: =IF(BO7>70%,"ALTO","BAJO") -> BAJO | BQ7: =+BL7+BM7 -> 489683.56 | BR7: =+BL7-BM7 -> 243356.44 | BS7: =GEOMEAN(BF7,BG7,BH7,BI7) -> 340869.24 | BT7: =ROUND(BS7,0) -> 340869 | BU7: =_xlfn.STDEV.P(BF7,BG7,BH7) -> 123163.56 | BV7: =(BS7/BU7)*0.01 -> 0.027676143 | BW7: =100%-BV7 -> 0.97232386 | BX7: =IF(BW7>70%,"ALTO","BAJO") -> ALTO | BY7: =ROUND(BS7,0) -> 340869 | BZ7: =MIN(BF7,B67,BH7) -> 192780 | CA7: =HARMEAN(BF7,BG7,BH7,BI7) -> 312469.53 | CB7: =_xlfn.STDEV.P(BM7,BN7,BO7,BJ7) -> 53331.243 | CC7: =(CA7/CB7)*0.01 -> 0.058590333 | CD7: =100%-CC7 -> 0.94140967 | CE7: =IF(CD7>70%,"ALTO","BAJO") -> ALTO | CF7: =ROUND(CA7,0) -> 312470 | CG7: =BT7 -> 340869 | CH7: =+CG7*E7 -> 12612153
A8: 4 | B8: Tapaoídos tipo copa | C8: Protector auditivo tipo orejera | D8: Par | E8: 10 | F8: 0 | G8: 0 | H8: 0 | I8: 0 | J8: 0 | K8: 0 | L8: 0 | M8: 0 | N8: 0 | O8: 0 | P8: 0 | Q8: 0 | R8: 0 | S8: 0 | T8: 0 | U8: 0 | V8: 116700 | W8: 22173 | X8: =+V8*0.19 -> 22173 | Y8: =+V8+X8 -> 138873 | Z8: 122400 | AA8: 23256 | AB8: =+Z8*0.19 -> 23256 | AC8: =+Z8+AB8 -> 145656 | AD8: 151300 | AE8: 28747 | AF8: =+AD8*0.19 -> 28747 | AG8: =+AD8+AF8 -> 180047 | AP8: 0 | AQ8: 0 | AR8: 0 | AS8: 0 | AT8: 0 | AU8: 0 | AV8: 0 | AW8: 0 | AX8: 0 | AY8: 0 | AZ8: 0 | BA8: 0 | BB8: =+I8 -> 0 | BC8: =+M8 -> 0 | BD8: =+Q8 -> 0 | BE8: =+U8 -> 0 | BF8: =+Y8 -> 138873 | BG8: =+AC8 -> 145656 | BH8: =+AG8 -> 180047 | BJ8: =+AW8 -> 0 | BK8: =+BA8 -> 0 | BL8: =AVERAGE(BF8,BG8,BH8) -> 154858.67 | BM8: =_xlfn.STDEV.P(BF8,BG8,BH8,BI8) -> 18024.823 | BN8: =(BM8/BL8)*100% -> 0.11639531 | BO8: =100%-BN8 -> 0.88360469 | BP8: =IF(BO8>70%,"ALTO","BAJO") -> ALTO | BQ8: =+BL8+BM8 -> 172883.49 | BR8: =+BL8-BM8 -> 136833.84 | BS8: =GEOMEAN(BF8,BG8,BH8,BI8) -> 153854.67 | BT8: =ROUND(BS8,0) -> 153855 | BU8: =_xlfn.STDEV.P(BF8,BG8,BH8) -> 18024.823 | BV8: =(BS8/BU8)*0.01 -> 0.085357106 | BW8: =100%-BV8 -> 0.91464289 | BX8: =IF(BW8>70%,"ALTO","BAJO") -> ALTO | BY8: =ROUND(BS8,0) -> 153855 | BZ8: =MIN(BF8,B68,BH8) -> 138873 | CA8: =HARMEAN(BF8,BG8,BH8,BI8) -> 152901.92 | CB8: =_xlfn.STDEV.P(BM8,BN8,BO8,BJ8) -> 7804.833 | CC8: =(CA8/CB8)*0.01 -> 0.19590672 | CD8: =100%-CC8 -> 0.80409328 | CE8: =IF(CD8>70%,"ALTO","BAJO") -> ALTO | CF8: =ROUND(CA8,0) -> 152902 | CG8: =BT8 -> 153855 | CH8: =+CG8*E8 -> 1538550
A9: 5 | B9: Casco interno adaptable | C9: Casco para gorra tipo baseball (no industrial) | D9: Unidad | E9: 937 | F9: 0 | G9: 0 | H9: 0 | I9: 0 | J9: 0 | K9: 0 | L9: 0 | M9: 0 | N9: 0 | O9: 0 | P9: 0 | Q9: 0 | R9: 0 | S9: 0 | T9: 0 | U9: 0 | V9: 313400 | W9: 59546 | X9: =+V9*0.19 -> 59546 | Y9: =+V9+X9 -> 372946 | Z9: 540500 | AA9: 102695 | AB9: =+Z9*0.19 -> 102695 | AC9: =+Z9+AB9 -> 643195 | AD9: 115000 | AE9: 21850 | AF9: =+AD9*0.19 -> 21850 | AG9: =+AD9+AF9 -> 136850 | AP9: =+'COTIZACION 7 MEDIOS DIGITALES'!H34 -> 266706 | AQ9: =+'COTIZACION 7 MEDIOS DIGITALES'!I34 -> 50674 | AR9: 0 | AS9: =+AP9+AQ9 -> 317380 | AT9: 0 | AU9: 0 | AV9: 0 | AW9: 0 | AX9: 0 | AY9: 0 | AZ9: 0 | BA9: 0 | BB9: =+I9 -> 0 | BC9: =+M9 -> 0 | BD9: =+Q9 -> 0 | BE9: =+U9 -> 0 | BF9: =+Y9 -> 372946 | BG9: =+AC9 -> 643195 | BH9: =+AG9 -> 136850 | BI9: =+'COTIZACION 7 MEDIOS DIGITALES'!J34 -> 317380 | BJ9: =+AW9 -> 0 | BK9: =+BA9 -> 0 | BL9: =AVERAGE(BF9,BG9,BH9) -> 384330.33 | BM9: =_xlfn.STDEV.P(BF9,BG9,BH9,BI9) -> 181486.08 | BN9: =(BM9/BL9)*100% -> 0.47221379 | BO9: =100%-BN9 -> 0.52778621 | BP9: =IF(BO9>70%,"ALTO","BAJO") -> BAJO | BQ9: =+BL9+BM9 -> 565816.42 | BR9: =+BL9-BM9 -> 202844.25 | BS9: =GEOMEAN(BF9,BG9,BH9,BI9) -> 319487.04 | BT9: =ROUND(BS9,0) -> 319487 | BU9: =_xlfn.STDEV.P(BF9,BG9,BH9,BI9) -> 181486.08 | BV9: =(BS9/BU9)*0.01 -> 0.017603941 | BW9: =100%-BV9 -> 0.98239606 | BX9: =IF(BW9>70%,"ALTO","BAJO") -> ALTO | BY9: =ROUND(BS9,0) -> 319487 | BZ9: =MIN(BF9,B69,BH9) -> 136850 | CA9: =HARMEAN(BF9,BG9,BH9,BI9) -> 272217 | CB9: =_xlfn.STDEV.P(BM9,BN9,BO9,BJ9) -> 78585.635 | CC9: =(CA9/CB9)*0.01 -> 0.034639536 | CD9: =100%-CC9 -> 0.96536046 | CE9: =IF(CD9>70%,"ALTO","BAJO") -> ALTO | CF9: =ROUND(CA9,0) -> 272217 | CG9: =BT9 -> 319487 | CH9: =+CG9*E9 -> 299359319
Y10: =SUM(Y5:Y9) -> 5309780 | AC10: =SUM(AC5:AC9) -> 6225961 | AG10: =SUM(AG5:AG9) -> 4451552 | BF10: =+Y10 -> 5309780 | BG10: =+AC10 -> 6225961 | BH10: =+AG10 -> 4451552 | CA10: =HARMEAN(BF10,BG10,BH10,BI10) -> 5230214.4 | CG10: =SUM(CG5:CG9) -> 5500158 | CH10: =SUM(CH5:CH9) -> 4700851322
CG11: =CH5+CH6+CH9 -> 4686700619 | CH11: 4686937170
CG14: 1750905 | CH14: =CH10/CG14 -> 2684.8123
CG17: 4701277170 | CH17: =CG17-CH10 -> 425848

Sheet CONDICIONES COMPARABLES
A1: ÍTEM | B1: ELEMENTO | C1: DOCUMENTO / CERTIFICADO SOLICITADO | D1: CONTENIDO O REQUISITO EXIGIDO
A2: 1 | B2: Chaleco de protección corporal anti-punzante (no balístico) | C2: Certificados de prueba de laboratorio | D2: Certificados o reportes de ensayo emitidos por laboratorio acreditado o reconocido nacional o internacionalmente.
A3: 1.1 | B3: Chaleco de protección corporal anti-punzante (no balístico) | C3: Norma técnica aplicable | D3: NIJ Standard 0115.00 o estándar equivalente internacional para protección anti-punzante.
A4: 1.2 | B4: Chaleco de protección corporal anti-punzante (no balístico) | C4: Ensayos mínimos | D4: Resistencia anti-punzante, resistencia a perforación, cobertura, desempeño del panel y penetración.
A5: 1.3 | B5: Chaleco de protección corporal anti-punzante (no balístico) | C5: Información del certificado | D5: Nombre del laboratorio, número del ensayo, fecha, modelo evaluado y resultado de cumplimiento.
A6: 2 | B6: Sistema de cinturón operativo con accesorios | C6: Ficha técnica del fabricante | D6: Debe acreditar materiales, dimensiones, compatibilidad y resistencia operativa.
A7: 2.1 | B7: Sistema de cinturón operativo con accesorios | C7: Certificación de materiales (cuando aplique) | D7: Resistencia mecánica y uso táctico u operativo.
A8: 3 | B8: Guantes tácticos de protección mecánica | C8: Certificados de ensayo o conformidad | D8: Certificación de protección mecánica y resistencia al desgaste.
A9: 3.1 | B9: Guantes tácticos de protección mecánica | C9: Norma técnica aplicable | D9: EN 388 o estándar equivalente para riesgos mecánicos.
A10: 3.2 | B10: Guantes tácticos de protección mecánica | C10: Información del certificado | D10: Laboratorio, referencia del producto, fecha y resultado de conformidad.
A11: 4 | B11: Dispositivo para anclaje al cinturón | C11: Ficha técnica | D11: Compatibilidad con cinturón operativo, material y sistema de fijación.
A12: 4.1 | B12: Dispositivo para anclaje al cinturón | C12: Certificación de resistencia (cuando aplique) | D12: Resistencia mecánica y capacidad de sujeción.
A13: 5 | B13: Gafas de protección | C13: Certificados de conformidad o ensayo | D13: Protección ocular contra impactos y riesgos mecánicos.
A14: 5.1 | B14: Gafas de protección | C14: Norma técnica aplicable | D14: ANSI Z87.1, EN 166 o estándar equivalente.
A15: 5.2 | B15: Gafas de protección | C15: Información del certificado | D15: Laboratorio, referencia del producto y resultado de cumplimiento.
A16: 6 | B16: Bastón luminoso | C16: Ficha técnica del fabricante | D16: Intensidad lumínica, autonomía, dimensiones y sistema de iluminación.
A17: 6.1 | B17: Bastón luminoso | C17: Certificación eléctrica o seguridad (cuando aplique) | D17: Cumplimiento de condiciones de funcionamiento y seguridad eléctrica.
A18: 7 | B18: Silbato | C18: Ficha técnica | D18: Material, capacidad sonora y características operativas.
A19: 8 | B19: Linterna | C19: Ficha técnica y certificado de funcionamiento | D19: Potencia lumínica, autonomía, resistencia y sistema de carga o batería.
A20: 8.1 | B20: Linterna | C20: Certificación de seguridad eléctrica (cuando aplique) | D20: Certificado de funcionamiento o conformidad eléctrica.
A21: 9 | B21: Carpa para lluvia / capa impermeable | C21: Ficha técnica del fabricante | D21: Material impermeable, resistencia y cobertura.
A22: 9.1 | B22: Carpa para lluvia / capa impermeable | C22: Certificación de impermeabilidad (cuando aplique) | D22: Resistencia al agua y condiciones de uso exterior.
A23: 10 | B23: Casco interno adaptable | C23: Certificados de ensayo o conformidad | D23: Certificación de protección contra impactos y absorción de energía.
A24: 10.1 | B24: Casco interno adaptable | C24: Norma técnica aplicable | D24: EN 812, ANSI o estándar equivalente aplicable.
A25: 10.2 | B25: Casco interno adaptable | C25: Información del certificado | D25: Laboratorio, modelo evaluado y resultado de cumplimiento.
A26: 11 | B26: Botas de seguridad (cuando aplique en la ficha técnica) | C26: Certificados de conformidad | D26: Protección del pie frente a riesgos mecánicos y condiciones operativas.
A27: 11.1 | B27: Botas de seguridad | C27: Norma técnica aplicable | D27: ASTM F2413, EN ISO 20345 o estándar equivalente.
A28: 11.2 | B28: Botas de seguridad | C28: Ensayos mínimos | D28: Resistencia de suela, puntera, deslizamiento y condiciones de seguridad.
A29: 12 | B29: Protectores auditivos tipo copa (cuando aplique en la ficha técnica) | C29: Certificados de conformidad | D29: Certificación de reducción de ruido y protección auditiva.
A30: 12.1 | B30: Protectores auditivos tipo copa | C30: Norma técnica aplicable | D30: ANSI S3.19, EN 352 o estándar equivalente.
A31: 12.2 | B31: Protectores auditivos tipo copa | C31: Información del certificado | D31: Nivel de atenuación, laboratorio y resultado de ensayo.
A33: La relación anterior se estructura con base en los elementos identificados en la ficha técnica y en el análisis del sector para la adquisición de Elementos de Protección Personal destinados a los Gestores del Orden y personal operativo de la Secretaría Distrital de Seguridad, Convivencia y Justicia.

Sheet Hoja9

Sheet Hoja10
A1: No. | B1: DESCRIPCIÓN DEL RIESGO | C1: TRATAMIENTO / CONTROLES | D1: IMPACTO DESPUÉS DEL TRATAMIENTO – PROBABILIDAD | E1: IMPACTO DESPUÉS DEL TRATAMIENTO – IMPACTO | F1: VALORACIÓN DEL RIESGO | G1: CATEGORÍA | H1: ¿AFECTA LA EJECUCIÓN DEL CONTRATO? | I1: RESPONSABLE | J1: FECHA INICIO DEL TRATAMIENTO | K1: FECHA ESTIMADA DE FINALIZACIÓN | L1: ¿CÓMO SE REALIZA EL MONITOREO? | M1: PERIODICIDAD
A2: 1 | B2: Incumplimiento en los tiempos de entrega de los EPP y elementos de seguridad | C2: Cronograma de entregas, multas y seguimiento contractual | D2: Raro (1) | E2: Menor (2) | F2: 3 | G2: Medio | H2: Sí | I2: Contratista | J2: Desde la suscripción del contrato | K2: Fecha de terminación del plazo de ejecución del contrato | L2: Informes semanales y actas | M2: Cada vez que se requiera
A3: 2 | B3: Desabastecimiento o indisponibilidad de paneles antipunzantes o insumos especializados | C3: Inventario mínimo y proveedores alternos | D3: Posible (3) | E3: Menor (2) | F3: 5 | G3: Medio | H3: Sí | I3: Contratista | J3: Desde la suscripción del contrato | K3: Fecha de terminación del plazo de ejecución del contrato | L3: Seguimiento de órdenes | M3: Cada vez que se requiera
A4: 3 | B4: Incumplimiento de especificaciones técnicas o normas NIJ | C4: Verificación técnica, muestras y pruebas de laboratorio | D4: Improbable (2) | E4: Moderado (3) | F4: 5 | G4: Medio | H4: Sí | I4: Contratista | J4: Desde la suscripción del contrato | K4: Fecha de terminación del plazo de ejecución del contrato | L4: Evaluación técnica | M4: Cada vez que se requiera
A5: 4 | B5: Entrega de bienes defectuosos o de baja calidad | C5: Garantías y control de calidad | D5: Improbable (2) | E5: Menor (2) | F5: 4 | G5: Medio | H5: No | I5: Contratista | J5: Desde la suscripción del contrato | K5: Fecha de terminación del plazo de ejecución del contrato | L5: Historial de fallas | M5: Cada vez que se requiera
A6: 5 | B6: Variación de precios por TRM o incremento de insumos importados | C6: Validación financiera y planeación presupuestal | D6: Raro (1) | E6: Menor (2) | F6: 3 | G6: Medio | H6: Sí | I6: Contratista | J6: Desde que se advierte la posibilidad de suspensión | K6: Fecha de terminación del plazo de ejecución del contrato | L6: Validación técnica y financiera | M6: Cada vez que se requiera
A7: 6 | B7: Sobrecostos o desequilibrio financiero del contrato | C7: Control presupuestal y seguimiento financiero | D7: Raro (1) | E7: Menor (2) | F7: 3 | G7: Medio | H7: Sí | I7: Compartido | J7: Desde que se advierte la posibilidad de suspensión | K7: Fecha de terminación del plazo de ejecución del contrato | L7: Control presupuestal | M7: Cada vez que se requiera
A8: 7 | B8: Demoras en importación o nacionalización de bienes | C8: Control de disponibilidad y planeación logística | D8: Raro (1) | E8: Menor (2) | F8: 3 | G8: Medio | H8: Sí | I8: Contratista | J8: Desde que se advierte la posibilidad de suspensión | K8: Fecha de terminación del plazo de ejecución del contrato | L8: Control de disponibilidad | M8: Cada vez que se requiera
A9: 8 | B9: Presentación de certificados falsos o documentación inválida | C9: Verificación documental y auditorías | D9: Raro (1) | E9: Menor (2) | F9: 3 | G9: Medio | H9: Sí | I9: Contratista | J9: Desde la suscripción del contrato | K9: Liquidación del contrato | L9: Auditorías | M9: Cada vez que se requiera
A10: 9 | B10: Incumplimiento contractual por deficiencias técnicas o logísticas | C10: Supervisión y verificación contractual | D10: Raro (1) | E10: Menor (2) | F10: 3 | G10: Medio | H10: Sí | I10: Contratista | J10: Desde la suscripción del contrato | K10: Liquidación del contrato | L10: Supervisión | M10: Cada vez que se requiera
A11: 10 | B11: Falta de previsión de impuestos, tasas y estampillas | C11: Seguimiento financiero | D11: Improbable (2) | E11: Menor (2) | F11: 4 | G11: Bajo | H11: No aplica | I11: Entidad | J11: Al momento de la presentación de la oferta | K11: Dentro del proceso de liquidación | L11: Seguimiento financiero | M11: Etapa precontractual y cuando se requiera
A12: 11 | B12: Hurto, pérdida o daño de bienes durante almacenamiento o transporte | C12: Pólizas y control de inventario | D12: 1 | E12: 2 | F12: 3 | G12: Bajo | H12: Sí | I12: Contratista | J12: Fecha de aprobación de estudios previos | K12: Fecha de adjudicación del contrato | L12: Revisión de pólizas y fechas de vencimiento | M12: Ocasional
A13: 12 | B13: Inventario insuficiente o inexistencia de elementos requeridos | C13: Mantener inventario mínimo | D13: 1 | E13: 2 | F13: 3 | G13: Medio | H13: Sí | I13: Contratista | J13: Desde la suscripción del contrato | K13: Fecha de terminación del contrato | L13: Mantener inventario mínimo de los bienes requeridos | M13: Ocasional
A14: 13 | B14: Incumplimiento de terceros o fabricantes asociados | C14: Seguimiento a cronogramas y proveedores | D14: Probable (4) | E14: Menor (2) | F14: 3 | G14: Medio | H14: Sí | I14: Contratista | J14: Desde la suscripción del contrato | K14: Fecha de terminación del contrato | L14: Revisión de cronograma de entregas y salidas | M14: Cada vez que se requiera
A15: 14 | B15: Falta de personal o capacidad logística para ejecutar el contrato | C15: Disponibilidad de personal y capacidad operativa | D15: Probable (4) | E15: Menor (2) | F15: 3 | G15: Medio | H15: Sí | I15: Contratista | J15: Desde la suscripción del contrato | K15: Fecha de terminación del contrato | L15: Revisión de cronograma y capacidad operativa | M15: Cada vez que se requiera

Sheet COTIZACION 1
A1: ÍTEM | B1: COTIZACIÓN 1 VALOR ANTES IVA | C1: COTIZACIÓN 1 IVA OFERTADO | D1: VERIFICACIÓN ARITMÉTICA IVA | E1: COTIZACIÓN 1 VALOR IVA INCLUIDO | F1: CMPARABLE SI/NO
A2: SISTEMA DE CHALECO DE PROTECCIÓN ANTIPUNZANTE | B2: 2896700 | C2: 0.19 | D2: 550373 | E2: 3447073 | F2: SI | G2: OK | H2: =+B2-'ESTUDIO DE MERCADO EPP'!V5 -> 0
A3: SISTEMA DE CINTURÓN OPERATIVO CON ACCESORIOS | B3: 973200 | C3: 0.19 | D3: 184908 | E3: 1158108 | F3: SI | G3: OK | H3: =+B3-'ESTUDIO DE MERCADO EPP'!V6 -> 0
A4: BOTAS DE SEGURIDAD | B4: 162000 | C4: 0.19 | D4: 30780 | E4: 192780 | F4: SI | G4: OK | H4: =+B4-'ESTUDIO DE MERCADO EPP'!V7 -> 0
A5: TAPAOIDOS DE TIPO COPA | B5: 116700 | C5: 0.19 | D5: 22173 | E5: 138873 | F5: SI | G5: OK | H5: =+B5-'ESTUDIO DE MERCADO EPP'!V8 -> 0
A6: CASCO INTERNO ADAPTABLE | B6: 313400 | C6: 0.19 | D6: 59546 | E6: 372946 | F6: SI | G6: OK | H6: =+B6-'ESTUDIO DE MERCADO EPP'!V9 -> 0
A8: Datos extraídos textualmente de la cotización de ATLANTIC TACTICAL GROUP SAS.

Sheet COTIZACION 2
A1: ÍTEM | B1: COTIZACIÓN 2 VALOR ANTES IVA | C1: COTIZACIÓN 2 IVA OFERTADO | D1: VERIFICACIÓN ARITMÉTICA IVA | E1: COTIZACIÓN 2 VALOR IVA INCLUIDO | F1: CMPARABLE SI/NO
A2: SISTEMA DE CHALECO DE PROTECCIÓN ANTIPUNZANTE | B2: 2969000 | C2: 0.19 | D2: 564110 | E2: 3533110 | F2: SI
A3: SISTEMA DE CINTURÓN OPERATIVO CON ACCESORIOS | B3: 1210000 | C3: 0.19 | D3: 229900 | E3: 1439900 | F3: SI
A4: BOTAS DE SEGURIDAD | B4: 390000 | C4: 0.19 | D4: 74100 | E4: 464100 | F4: SI
A5: TAPAOIDOS DE TIPO COPA | B5: 122400 | C5: 0.19 | D5: 23256 | E5: 145656 | F5: SI
A6: CASCO INTERNO ADAPTABLE | B6: 540500 | C6: 0.19 | D6: 102695 | E6: 643195 | F6: SI
A8: Datos extraídos textualmente de la cotización de GLOBAL BUSINESS SOLUTIONS.

Sheet COTIZACION 3
A1: ÍTEM | B1: COTIZACIÓN 3 VALOR ANTES IVA | C1: COTIZACIÓN 3 IVA OFERTADO | D1: VERIFICACIÓN ARITMÉTICA IVA | E1: COTIZACIÓN 3 VALOR IVA INCLUIDO | F1: COMPARABLE
A2: SISTEMA DE CHALECO DE PROTECCIÓN ANTIPUNZANTE | B2: 2932500 | C2: 0.19 | D2: 557175 | E2: 3489675 | F2: SI
A3: SISTEMA DE CINTURÓN OPERATIVO CON ACCESORIOS | B3: 170000 | C3: 0.19 | D3: 32300 | E3: 202300 | F3: COSTIO SOLO EL CINTURON LE FALTARON LOS OTRO ELEMENTO NO SE TOMA VALOR
A4: BOTAS DE SEGURIDAD | B4: 372000 | C4: 0.19 | D4: 70680 | E4: 442680 | F4: SI
A5: TAPAOIDOS DE TIPO COPA | B5: 151300 | C5: 0.19 | D5: 28747 | E5: 180047 | F5: SI
A6: CASCO INTERNO ADAPTABLE | B6: 115000 | C6: 0.19 | D6: 21850 | E6: 136850 | F6: SI
A8: Datos extraídos textualmente de la cotización de INVERSIONES MPX SAS.

Sheet COTIZACION 7 MEDIOS DIGITALES
A1: Ítem | B1: Especificación técnica concreta | C1: Ítem | D1: Unidad | E1: Especificación técnica concreta | F1: Valor sin IVA (COP) | G1: IVA 19% (COP) | H1: Valor total unitario (COP) | I1: Link exacto
A2: Sistema de cinturón operativo con accesorios | B2: Cinturón táctico modular en nylon 1680D o poliéster reforzado, sistema MOLLE, hebilla de seguridad, compatible con porta accesorios, peso aprox. ≤ 1.200 g | C2: Sistema de cinturón operativo con accesorios | D2: KIT | E2: Sistema de cinturón doble interno y externo ajustable, nylon reforzado, sistema MOLLE, paquete 7 en 1 con 2 cinturones y 5 bolsas desmontables | F2: 157927 | G2: 30006 | H2: 187933 | I2: https://www.mercadolibre.com.co/tactical-combat-belt-5-in-1-law-enforcement-tactical-belt-a/p/MCO2060432895#polycard_client=recommendations_vip-v2p&wid=MCO1787319289&sid=recos
A3: Guantes tácticos de protección mecánica | B3: Guantes EPP tácticos, compatibles con pantallas táctiles, palma en microfibra, nylon resistente, cumplimiento EN 388 y EN ISO 21420 | C3: Guantes tácticos Mechanix Wear Specialty 0.5 mm | D3: PAR | E3: Guantes tácticos transpirables, palma AX-Suede™ 0.5 mm, certificados EN ISO 21420:2020 y EN388:2016+A1:2018 (1121X) | F3: 203104 | G3: 38590 | H3: 241694 | I3: https://www.ebay.com/itm/267653123882?_skw=EN+ISO+21420%3A2020&itmmeta=01KQZKWMGBG9WNF3VNN0ZXXR8G&hash=item3e515e8f2a
A4: Dispositivo para anclaje al cinturón | B4: Mosquetón táctico portaguantes en polímero técnico o metal anticorrosivo, sistema de retención rápida | C4: Dispositivo para anclaje al cinturón (mosquetón) | D4: UNIDAD | E4: Mosquetón acero al carbono, cierre rápido, carga de trabajo 540 kg, espesor 1/2” | F4: 30084 | G4: 5716 | H4: 35800 | I4: https://www.homecenter.com.co/homecenter-co/product/431770/mosqueton-para-seguro-de-gancho-1-2-pulg-lg-51-2-pulg/431770/
A5: Gafas de protección | B5: Gafas tácticas en policarbonato, ANSI Z87.1 y EN166:2001, antiempañante, protección UV ≥99% | C5: Gafas de protección ANSI Z87.1 | D5: PAR | E5: Gafas tácticas policarbonato, antiempañante, protección frontal, ventilación directa, ANSI Z87.1 | F5: 16796 | G5: 3191 | H5: 19987 | I5: https://www.mercadolibre.com.co/copkim-ansi-z871--ansi-z871-gafas-de-seguridad-tacticas/p/MCO34269044
A6: Bastón luminoso recargable | B6: Bastón LED bicolor, recargable, alcance ≥200 m, modos fijo e intermitente | C6: Bastón luminoso recargable | D6: UNIDAD | E6: Bastón luminoso LED rojo/verde recargable, señalización operativa | F6: 104958 | G6: 19942 | H6: 124900 | I6: https://listado.mercadolibre.com.co/baston-luminoso-control-vial
A7: Silbato institucional | B7: Silbato pealess ≥100 dB, polímero técnico, cordón y anillo metálico | C7: Silbato profesional pealess | D7: UNIDAD | E7: Silbato profesional de emergencia y deportes acuáticos, polímero resistente | F7: 35375 | G7: 6721 | H7: 42096 | I7: https://articulo.mercadolibre.com.co/MCO-3525356342-silbato-de-buceo-para-deportes-acuaticos-_JM
A8: Linterna LED táctica | B8: Linterna LED ≥500 lúmenes, IPX7, aluminio resistente, alcance ≥260 m | C8: Linterna táctica Pelican 7000 | D8: UNIDAD | E8: Linterna táctica Pelican 7000, 602 lúmenes, resistente al agua y golpes, 4 modos de iluminación programables | F8: 220168 | G8: 41832 | H8: 262000 | I8: https://ferrelam.com/products/linterna-tactica-de-bolsillo-pelican-7000?srsltid=AfmBOooV3eJmqqHT4t0aOCkZ5heEUy60zms5Rl7_xPISAsPKIIT-Qmce
A9: Capa impermeable multipropósito | B9: Poncho impermeable PVC/poliéster, 210x140 cm aprox., azul institucional, reutilizable | C9: Capa impermeable multipropósito PVC | D9: UNIDAD | E9: Impermeable tipo ruana con capucha, PVC y poliéster, electrosellado, talla única | F9: 19702 | G9: 3743 | H9: 23445 | I9: https://mundodotaciones.com/producto/capa-pvc/
C10: Carpa impermeable multipropósito | D10: UNIDAD | E10: Carpa impermeable portátil camping capacidad 2–3 personas | F10: 74370 | G10: 14130 | H10: 88500 | I10: https://listado.mercadolibre.com.co/carpa-camping-impermeable
A11: Resumen | C11: TOTAL | F11: 862484 | G11: 163871 | H11: =SUM(H2:H10) -> 1026355
A17: Producto | B17: Modalidad importación | C17: TRM aplicada | D17: Subtotal antes de IVA COP | E17: IVA 19% COP | F17: Total puesto Bogotá COP | G17: Total puesto Bogotá USD | H17: Valor de referencia estadístico COP
A18: Chaleco anti-punzante EDI Level 1 | B18: Marítima CIF | C18: $3.800 COP/USD | D18: 949316 | E18: 180370 | F18: 1129686 | G18: USD 297,29 | H18: 1199913
A19: Chaleco anti-punzante EDI Level 1 | B19: Aérea CIF | C19: $3.800 COP/USD | D19: 1067344 | E19: 202795 | F19: 1270139 | G19: USD 334,25 | H19: 1199913
D20: =AVERAGE(D18:D19) -> 1008330 | E20: =AVERAGE(E18:E19) -> 191582.5 | F20: =+D20+E20 -> 1199912.5
A21: Método estadístico aplicado
A23: Se utilizó el método de media aritmética simple entre los dos escenarios de importación (marítimo y aéreo):
A25: 1.129.686+1.270.1392=1.199.913\frac{1.129.686 + 1.270.139}{2} = 1.199.91321.129.686+1.270.139​=1.199.913
A27: Resultado
A29: Método estadístico | B29: Valor
A30: Media aritmética simple | B30: $1.199.913 COP
A33: Elemento | B33: Link referencia | C33: Valor producto USD | D33: TRM aplicada (COP/USD) | E33: Valor producto COP | F33: Envío internacional USD | G33: Valor envío COP | H33: Subtotal antes de IVA COP | I33: IVA 19% COP | J33: Valor total estimado COP
A34: Casco interno adaptable tipo bump cap Matrix Lite Series EN 812 | C34: US $24.91 | D34: 3710 | E34: 92401 | F34: US $46.99 | G34: 174305 | H34: 266706 | I34: 50674 | J34: 317380
A36: Observaciones
A38: El subtotal antes de IVA corresponde a:
A39: valor producto en pesos +
A40: valor envío internacional en pesos.
A41: El IVA se calculó posteriormente sobre el subtotal en COP.
A42: La publicación advierte posibles costos adicionales por:
A43: aranceles,
A44: impuestos de importación,
A45: corretaje,
A46: inspecciones aduaneras,
A47: los cuales no están incluidos en el valor mostrado.

Sheet CONVENCIONES
A1: FILA | B1: COLUMNA | C1: ENCABEZADO | D1: EXPLICACIÓN DENTRO DEL ESTUDIO DE MERCADO
A2: 1 | B2: A | C2: ÍTEM | D2: Número consecutivo utilizado para identificar cada bien o elemento analizado dentro del estudio de mercado.
A3: 1 | B3: B | C3: PRODUCTO | D3: Nombre general del bien o elemento requerido por la entidad.
A4: 1 | B4: C | C4: DESCRIPCIÓN | D4: Características técnicas, funcionales y condiciones mínimas exigidas para el producto objeto de análisis.
A5: 1 | B5: D | C5: UNIDAD | D5: Unidad de medida utilizada para la adquisición del bien.
A6: 1 | B6: E | C6: CANTIDAD | D6: Número total de unidades requeridas por la entidad.
A7: 1 | B7: F | C7: HISTÓRICO 1 VALOR ANTES IVA | D7: Valor unitario histórico sin IVA de la entidad.
A8: 1 | B8: G | C8: HISTÓRICO 1 IVA | D8: Tarifa IVA aplicada en el histórico 1.
A9: 1 | B9: H | C9: HISTÓRICO 1 VALOR IVA INCLUIDO | D9: Valor histórico incluyendo IVA.
A10: 1 | B10: I | C10: HISTÓRICO 1 INDEXADO 2026 | D10: Valor histórico actualizado a vigencia 2026.
A11: 1 | B11: J | C11: HISTÓRICO 2 VALOR ANTES IVA | D11: Segundo valor histórico sin IVA de la entidad.
A12: 1 | B12: K | C12: HISTÓRICO 2 IVA | D12: IVA aplicado en el histórico 2.
A13: 1 | B13: L | C13: HISTÓRICO 2 VALOR IVA INCLUIDO | D13: Valor histórico 2 incluyendo IVA.
... A71: 1 | B71: BR | C71: VALOR UNITARIO DE REFERENCIA | D71: Valor final adoptado como referencia económica oficial.
